 Dungeon Crawl Stone Soup version bcrawl-1.19.2-6-g6a88ae04c9 (webtiles) character file.

Game seed: 2791210787078455179

159 Mrkan the Ducker (level 5, -4/41 HPs)
             Began as a Merfolk Gladiator on Jan 6, 2020.
             Killed by nerve-wracking pain
             ... invoked by an orc priest
              (13 damage)
             ... on level 3 of the Dungeon.
             The game lasted 00:02:49 (2465 turns).

Mrkan the Ducker (Merfolk Gladiator)                Turns: 2465, Time: 00:02:49

Health: -4/41      AC:  4    Str: 14    XL:     5   Next: 40%
Magic:  5/5        EV: 16    Int:  7    God:
Gold:   49         SH:  0    Dex: 17    Spells: 4/4 levels left

rFire    . . .     SeeInvis .   a - +0 trident
rCold    . . .     Gourm    .   (no shield)
rNeg     . . .     Faith    .   b - +0 leather armour
rPois    .         Spirit   .   c - +0 helmet
rElec    .         Reflect  .   (no cloak)
rCorr    .         Harm     .   (no gloves)
MR       .....                  (no boots)
Stlth    +.........             (no amulet)
HPRegen  0.13/turn              (no ring)
MPRegen  0.09/turn              (no ring)

@: no status effects
A: change form in water, swift swim, stealthy swim
a: no special abilities


You were on level 3 of the Dungeon.
You were not hungry.

You visited 1 branch of the dungeon, and saw 3 of its levels.

You collected 49 gold pieces.

Inventory:

Hand Weapons
 a - a +0 trident (weapon)
Missiles
 d - 3 throwing nets (quivered) {!f}
Armour
 b - a +0 leather armour (worn)
 c - a +0 helmet (worn)
Scrolls
 e - a scroll of amnesia {unknown}
 g - a scroll of teleportation {unknown}
 h - a scroll of immolation {unknown}
 i - 2 scrolls of remove curse {unknown}
 j - a scroll of enchant armour {unknown}
 n - 2 scrolls of identify {unknown}
Potions
 k - a potion of heal wounds {unknown}
 l - a potion of cancellation {unknown}
 m - a potion of curing {unknown}
 o - a potion of lignification {unknown}
 q - a potion of resistance {unknown}
Comestibles
 f - 3 rations {!d}
 p - 2 chunks of flesh


   Skills:
 + Level 3.4 Fighting
 + Level 5.6 Polearms
 - Level 2.0 Throwing
 * Level 6.2 Dodging


You had 4 spell levels left.
You didn't know any spells.
Your spell library was empty.

Dungeon Overview and Level Annotations

Branches:
Dungeon (3/12)

Altars:

Annotations:
D:2 Sigmund


Message History

An orc priest comes into view. It is wielding a +0 dagger.
Found 19 gold pieces.
An orc comes into view. It is wielding a -1 club.
The orc shouts!
The orc priest shouts!
You hit the adder but do no damage. The adder misses you.
The orc priest calls down the wrath of Beogh upon you.
Beogh smites you!
The orc priest shouts!
You barely miss the adder. The adder barely misses you.
The orc priest mumbles some strange prayers to Beogh against you.
Beogh smites you!
* * * LOW HITPOINT WARNING * * *
You miss the adder. The adder bites you but does no damage.
The adder closely misses you.
The orc priest mumbles some strange prayers to Beogh against you.
Pain shoots through your body!
* * * LOW HITPOINT WARNING * * *
The orc priest invokes the aid of Beogh against you.
Pain shoots through your body!
You die...

.###<..........#....####
###........###......#
....................#
####.......####.....#
##.........# ##...(#
...........# #....#
#.......)..## #..###
...##.......####..#########
.........##..)..@S........#
.#####.......>............#
..# #########............#
#.### #...##........ooo...#
....##..........#.....o...#
..........................#
...<......................#
..................$.......#
...........


You could see 3 orc priests, an adder and an orc.

Vanquished Creatures
  A jelly (D:3)
  A bullfrog skeleton (D:3)
  A worker ant (D:2)
  An adder (D:3)
  5 worms
  2 dart slugs
  A leopard gecko (D:3)
  6 bats
  2 giant cockroaches
  5 hobgoblins
  3 jackals (D:2)
  A quokka (D:3)
  A frilled lizard (D:2)
  7 goblins
  6 kobolds
  4 rats
47 creatures vanquished.

Notes
Turn   | Place    | Note
-------+----------+-------------------------------------------
     0 | D:1      | Mrkan the Merfolk Gladiator began the quest for the Orb.
     0 | D:1      | Reached XP level 1. HP: 16/16 MP: 1/1
   113 | D:1      | Reached XP level 2. HP: 21/23 MP: 2/2
   564 | D:1      | Reached XP level 3. HP: 25/28 MP: 3/3
   999 | D:2      | Reached skill level 5 in Polearms
   999 | D:2      | Reached skill level 5 in Dodging
  1003 | D:2      | Reached XP level 4. HP: 8/35 MP: 4/4
  1341 | D:2      | Noticed Sigmund
  1740 | D:3      | Reached XP level 5. HP: 5/41 MP: 5/5
  2026 | D:3      | Reached skill level 6 in Dodging
  2465 | D:3      | Killed from afar by an orc priest

Skill      XL: |  1  2  3  4  5 |
---------------+----------------+-----
Polearms       | 5 |  5.6
Dodging        | 5 6 |  6.2
Fighting       | 3 |  3.4
Throwing       | |  2.0

Action                   |  1- 3 |  4- 6 || total
-------------------------+-------+-------++-------
Melee: Trident           |    80 |    89 ||   169
  Eat: Chunk             |       |     5 ||     5
Armor: Leather armour    |    18 |    16 ||    34
Dodge: Dodged            |    53 |    76 ||   129
